 Dungeon Crawl Stone Soup version 0.31.0-12-g77e489cdc1 (webtiles) character file.

Game seed: 4060246684353237594

533 Maffolandro the Covered (level 7, -1/59 HPs)
             Began as an Armataur Fighter on Feb 18, 2024.
             Was a Believer of Dithmenos.
             Slain by an ogre
             ... wielding a +0 giant club
              (23 damage)
             ... on level 5 of the Dungeon.
             The game lasted 00:11:25 (3530 turns).

Maffolandro the Covered (Armataur Fighter)          Turns: 3530, Time: 00:11:25

Health: -1/59      AC: 18    Str: 21    XL:     7   Next: 4%
Magic:  7/7        EV:  1    Int: 12    God:    Dithmenos [**....]
Gold:   209        SH: 10    Dex: 15    Spells: 6/6 levels left

rFire   . . .        b - +0 morningstar
rCold   . . .        n - +0 kite shield
rNeg    . . .        s - +2 plate armour of Grace {Int+4 Dex+3}
rPois   .            (no helmet)
rElec   .            r - scarf {shadows}
rCorr   .            (no gloves)
SInv    .            i - +0 barding
Will    +....        (no amulet) Stlth
                     v - ring of willpower
HPRegen 0.29/turn    (no ring)
MPRegen 0.10/turn

%: roll
@: wreathed by umbra
A: large, deformed body, tough skin 3, armoured tail, roll 2
a: Renounce Religion, Shadow Step


You were on level 5 of the Dungeon.
You worshipped Dithmenos.
Dithmenos was pleased with you.
You visited 1 branch of the dungeon, and saw 5 of its levels.

You collected 209 gold pieces.

Inventory:

Hand Weapons
 a - a +0 flail
 b - a +0 morningstar (weapon)
Missiles
 l - 3 boomerangs
 q - 3 poisoned darts (quivered)
 y - a throwing net
Armour
 g - a +0 plate armour
 i - a +0 barding (worn)
 n - a +0 kite shield (worn)
 o - a +2 scale mail of cold resistance
 r - a scarf of shadows (worn)
 s - the +2 plate armour of Grace (worn) {Int+4 Dex+3}
   (You found it on level 3 of the Dungeon)

   Int+4:     It affects your intelligence (+4).
   Dex+3:     It affects your dexterity (+3).
Jewellery
 v - a ring of willpower (left hand)
Wands
 w - a wand of polymorph (3)
Scrolls
 c - a scroll of noise {unknown}
 h - 2 scrolls of butterflies {unknown}
 j - 2 scrolls of immolation {unknown}
 m - 2 scrolls of vulnerability {unknown}
 u - a scroll of poison {unknown}
 x - a scroll of identify {unknown}
 A - a scroll of fog {unknown}
 B - a scroll of enchant armour {unknown}
Potions
 d - 2 potions of might
 e - 2 potions of heal wounds {unknown}
 f - 2 potions of cancellation {unknown}
 k - a potion of enlightenment {unknown}
 p - 2 potions of curing {unknown}
 t - a potion of mutation {unknown}
 z - a potion of ambrosia {unknown}


   Skills:
 + Level 4.0 Fighting
 + Level 2.0 Maces & Flails
 * Level 6.7 Armour
 - Level 6.0 Shields


You had 6 spell levels left.
You didn't know any spells.
Your spell library contained the following spells:

 Spells                   Type           Power      Damage    Failure   Level
 Call Imp                 Summ           0%         N/A       100%        2
 Sublimation of Blood     Necr           0%         N/A       100%        2
 Summon Hydra             Summ           0%         N/A       100%        7


Dungeon Overview and Level Annotations

Branches:
Dungeon (5/15)             Temple (0/1) D:5

Altars:
Dithmenos
Hepliaklqana
Ru


Innate Abilities, Weirdness & Mutations

Armour fits poorly on your strangely shaped body.
You have extremely tough skin. (AC +3)
You have a long armoured tail.
You regenerate magic and health when rolling toward enemies. (Rampage Regen)


Message History

There is an escape hatch in the ceiling here.
Found a stone staircase leading up.
Found a sacrificial altar of Ru.
There is a sacrificial altar of Ru here.
There is a stone staircase leading up here.
An ogre comes into view. It is wielding a +0 giant club.
The ogre shouts!
The ogre moves out of view.
Throw: 5 darts (poison)
Press: ? - help, Q - select action, (/) - cycle Shift-Dir - straight line, f - ogre
Aim: an ogre, wielding a +0 giant club (umbra, 73% to hit)
You throw a poisoned dart.
The poisoned dart barely misses the ogre.
Throw: 4 darts (poison)
Press: ? - help, Q - select action, (/) - cycle Shift-Dir - straight line, f/p - ogre
Aim: an ogre, wielding a +0 giant club (umbra, 73% to hit)
You throw a poisoned dart. The poisoned dart hits the ogre.
The ogre is poisoned.
You hit the ogre.
The ogre is moderately wounded.
You block the ogre's attack.
You sock the ogre!
The ogre is heavily wounded.
The ogre barely misses you.
You hit the ogre. You tail-slap the ogre.
The ogre is severely wounded.
The ogre hits you with a +0 giant club!!
You barely miss the ogre.
The ogre is severely wounded.
The ogre hits you with a +0 giant club.
You barely miss the ogre.
The ogre is almost dead.
The ogre looks more healthy.
You block the ogre's attack.
You barely miss the ogre.
The ogre is almost dead.
The ogre hits you with a +0 giant club!
You barely miss the ogre.
The ogre is almost dead.
The ogre hits you with a +0 giant club!!
You die...

_......#.......#.#..#### #...
...♣♣....#####.#...## ##..#
.♣..♣..#.# #.....#####..# ###
.♣♣...##.# #...........######..
.....###.# ###.#.##.##...........
########<###...##.#.###..........
#.......#.#.##..##..........
#......##.##.#..............
#......##..@...##.##........
#......###O....##.##........
#......#.(.######.##........
#......#.### #........ #........#
#........ #####..## ........
#(.## #######. ......## ##.
....## ####..


You could see an ogre.

Vanquished Creatures
  A phantom (D:3)
  A scorpion (D:4)
  A bombardier beetle (D:3)
  A gnoll bouda (D:4)
  Terence (D:2)
  An iguana (D:5)
  A sleepcap (D:4)
  Natasha (thrice) (D:3)
  5 gnolls (D:4)
  2 adders
  3 shadow imps
  2 ufetubi (D:4)
  2 ribbon worms
  2 dart slugs
  5 orcs (D:5)
  4 endoplasms
  3 giant cockroaches
  7 goblins
  9 hobgoblins
  4 jackals (D:1)
  2 quokkas
  4 ball pythons
  6 bats
  A frilled lizard (D:2)
  5 kobolds
  5 rats
81 creatures vanquished.

Notes
Turn   | Place    | Note
-------+----------+-------------------------------------------
     0 | D:1      | Maffolandro the Armataur Fighter began the quest for the
                  | Orb.
     0 | D:1      | Reached XP level 1. HP: 18/18 MP: 1/1
   137 | D:1      | Reached XP level 2. HP: 25/25 MP: 2/2
   540 | D:1      | Found a faded altar of an unknown god.
   547 | D:1      | Prayed at the altar of an unknown god.
   547 | D:1      | Became a worshipper of Dithmenos the Shadowed
   547 | D:1      | Reached * piety under Dithmenos
   653 | D:2      | Noticed Terence
   669 | D:2      | Killed Terence
   670 | D:2      | Reached XP level 3. HP: 24/31 MP: 3/3
   932 | D:2      | Reached XP level 4. HP: 38/38 MP: 4/4
  1292 | D:2      | Found a hazy altar of Hepliaklqana.
  1522 | D:3      | Noticed Natasha
  1559 | D:3      | Killed Natasha
  1606 | D:3      | Identified the +2 plate armour of Grace {Int+4 Dex+3}
  1845 | D:3      | Reached skill level 5 in Armour
  1915 | D:3      | Noticed Natasha
  1919 | D:3      | Killed Natasha
  1933 | D:3      | Noticed a phantom
  1965 | D:3      | Killed a phantom
  1966 | D:3      | Reached skill level 5 in Shields
  1966 | D:3      | Reached XP level 5. HP: 43/45 MP: 5/5
  1982 | D:3      | Reached ** piety under Dithmenos
  2311 | D:3      | Reached XP level 6. HP: 48/51 MP: 6/6
  2348 | D:3      | Noticed Natasha
  2355 | D:3      | Killed Natasha
  3285 | D:5      | Entered Level 5 of the Dungeon
  3294 | D:5      | Gained mutation: You regenerate magic and health when
                  | rolling toward enemies. (Rampage Regen) [Armataur growth]
  3294 | D:5      | Reached XP level 7. HP: 57/59 MP: 7/7
  3330 | D:5      | Found a staircase to the Ecumenical Temple.
  3460 | D:5      | Found a sacrificial altar of Ru.
  3530 | D:5      | Slain by an ogre

Illustrated notes

Levels and vault maps discovered:
D:1:      dpeg_arrival_windows_large_door, layout_basic,
          dilly_ecumenical_altar_fadedgnrine
D:2:      layout_basic, basic_altar, uniq_terence
D:3:      minmay_door_path, layout_rooms, bh_walls_and_bars, uniq_natasha
D:4:      layout_loops_ring, serial_demonic, serial_demonic_c, serial_demonic_b,
          serial_demonic_e, serial_demonic_g
D:5:      layout_rooms, nicolae_overflow_two_pavilions,
          mainiacjoe_overflow_small_starburst, minmay_temple_entry_trees,
          minmay_misc_feat_tiny

Skill      XL: |  1  2  3  4  5  6 |
---------------+-------------------+-----
Armour         | 4 5 6 |  6.7
Maces & Flails | 2 |  2.0
Fighting       | 3 4 |  4.0
Shields        | 4 5 6 |  6.0

Action                     |  1- 3 |  4- 6 |  7- 9 || total
---------------------------+-------+-------+-------++-------
  Melee: Flail             |    71 |   212 |    19 ||   302
         Tailslap          |     8 |    26 |     2 ||    36
         Unarmed           |       |     8 |       ||     8
         Morningstar       |       |       |     7 ||     7
  Throw: Dart              |       |       |     2 ||     2
 Armour: Plate armour      |    46 |   171 |    16 ||   233
         Scale mail        |    14 |    23 |       ||    37
         Skin              |       |     8 |       ||     8
  Dodge: Dodged            |     7 |    24 |     2 ||    33
  Block: Buckler           |    11 |       |       ||    11
         Kite shield       |    17 |   109 |     9 ||   135
